[ AOE2 MATCH · #476587507 ]
1v1 RMKhmer vs Dravidians
Player's team · WIN
[ REPLAY ANALYSIS · EXTRACTED FROM THE RECORDED GAME ]
Feudal
10:55
Castle
14:32
Imperial
38:25
| APM avg | 20.3 |
| APM peak | 55 |
| eAPM avg | 14.7 |
| Villagers / military | 142 / 271 |
Focus
⚔️ 24.7% · 🌾 75.3%
Scout Cavalry ×203 · Scorpion ×60 · Monk ×4 · Trebuchet (Packed) ×4
Feudal
10:33
Castle
17:38
Imperial
32:30
| APM avg | 28.1 |
| APM peak | 71 |
| eAPM avg | 16.2 |
| Villagers / military | 140 / 277 |
Focus
⚔️ 38.6% · 🌾 61.4%
Spearman ×116 · Militia ×111 · Bombard Cannon ×37 · Trebuchet (Packed) ×4 · Monk ×3 · Mangonel ×3
Match map
Initial resources + every placement click. Lines = walls · curves = elevation contours. ◆ gold · ⬟ stone · ● berries · ✦ relic · ◌ wall gap
Your base· ✓ Closed at 14:32 · 0t walls · 2 gate(s)
BeefyCronchMorphrito's base· ✓ Closed at 17:38 · 0t walls · 2 gate(s)
Smoothed initial terrain · ◌ = detected wall gap · hover for details
Inputs per minute
— MrCannonTtv - - BeefyCronchMorphrito
Build order — MrCannonTtv
First 150 of 445 actions detected
| 0:00 | Create | Villager (Male) |
| 0:01 | Create | Villager (Male) |
| 0:02 | Build | House |
| 0:04 | Build | House |
| 0:31 | Create | Villager (Male) |
| 0:31 | Create | Villager (Male) |
| 1:46 | Build | Lumber Camp |
| 1:48 | Create | Villager (Male) |
| 2:06 | Create | Villager (Male) |
| 2:28 | Create | Villager (Male) |
| 2:48 | Create | Villager (Male) |
| 3:01 | Create | Villager (Male) |
| 3:32 | Build | House |
| 3:33 | Build | House |
| 3:39 | Create | Villager (Male) |
| 3:58 | Create | Villager (Male) |
| 4:14 | Build | Mill |
| 4:30 | Create | Villager (Male) |
| 5:15 | Create | Villager (Male) |
| 5:47 | Build | Mill |
| 5:50 | Create | Villager (Male) |
| 5:50 | Create | Villager (Male) |
| 6:35 | Create | Villager (Male) |
| 6:35 | Create | Villager (Male) |
| 6:54 | Create | Villager (Male) |
| 6:54 | Create | Villager (Male) |
| 6:55 | Create | Villager (Male) |
| 8:12 | Create | Villager (Male) |
| 8:13 | Create | Villager (Male) |
| 8:13 | Create | Villager (Male) |
| 8:13 | Create | Villager (Male) |
| 8:14 | Create | Villager (Male) |
| 8:14 | Create | Villager (Male) |
| 8:34 | Research | Feudal Age |
| 10:55 | Age | Feudal Age |
| 11:52 | Research | Castle Age |
| 12:04 | Build | House |
| 12:39 | Build | Mining Camp |
| 13:40 | Build | Blacksmith |
| 14:29 | Build | Market |
| 14:32 | Age | Castle Age |
| 14:37 | Research | Wheelbarrow |
| 14:56 | Build | Town Center |
| 15:05 | Build | Town Center |
| 15:25 | Build | House |
| 15:26 | Build | House |
| 15:37 | Build | House |
| 15:39 | Build | House |
| 16:03 | Create | Villager (Male) |
| 16:03 | Create | Villager (Male) |
| 16:15 | Build | Farm |
| 16:15 | Build | Farm |
| 16:15 | Build | Farm |
| 16:16 | Build | Farm |
| 16:16 | Build | Farm |
| 16:16 | Build | Farm |
| 16:17 | Build | Farm |
| 16:17 | Build | Farm |
| 16:17 | Build | Farm |
| 16:17 | Build | Farm |
| 16:18 | Build | Farm |
| 16:18 | Build | Farm |
| 16:19 | Build | Farm |
| 16:23 | Research | Horse Collar |
| 16:49 | Build | House |
| 16:50 | Build | House |
| 16:59 | Create | Villager (Male) |
| 17:29 | Build | Farm |
| 17:30 | Build | Farm |
| 17:32 | Create | Villager (Male) |
| 17:34 | Create | Villager (Male) |
| 17:50 | Create | Villager (Male) |
| 17:58 | Build | House |
| 18:21 | Build | Monastery |
| 18:24 | Create | Villager (Male) |
| 18:24 | Create | Villager (Male) |
| 18:24 | Create | Villager (Male) |
| 18:25 | Create | Villager (Male) |
| 18:38 | Create | Villager (Male) |
| 18:43 | Build | Farm |
| 18:44 | Build | Farm |
| 18:48 | Create | Villager (Male) |
| 19:10 | Build | House |
| 19:12 | Build | House |
| 19:13 | Build | House |
| 19:34 | Create | Villager (Male) |
| 19:35 | Create | Villager (Male) |
| 19:35 | Create | Villager (Male) |
| 19:35 | Create | Villager (Male) |
| 19:36 | Create | Villager (Male) |
| 19:38 | Create | Villager (Male) |
| 19:41 | Build | Farm |
| 20:02 | Create | Monk |
| 20:11 | Create | Villager (Male) |
| 20:12 | Create | Villager (Male) |
| 20:13 | Create | Villager (Male) |
| 20:25 | Create | Villager (Male) |
| 20:26 | Create | Villager (Male) |
| 20:27 | Create | Villager (Male) |
| 20:36 | Research | Double-Bit Axe |
| 21:13 | Build | House |
| 21:14 | Build | House |
| 21:15 | Build | House |
| 21:16 | Build | House |
| 21:28 | Build | House |
| 21:30 | Build | Palisade Wall |
| 21:33 | Build | Palisade Wall |
| 21:47 | Create | Villager (Male) |
| 21:47 | Create | Villager (Male) |
| 21:48 | Create | Villager (Male) |
| 21:48 | Create | Villager (Male) |
| 21:49 | Create | Villager (Male) |
| 21:50 | Create | Villager (Male) |
| 21:56 | Build | Town Center |
| 22:19 | Build | House |
| 22:21 | Build | House |
| 22:21 | Build | House |
| 22:42 | Create | Monk |
| 22:50 | Create | Villager (Male) |
| 22:51 | Create | Villager (Male) |
| 22:51 | Create | Villager (Male) |
| 22:51 | Create | Villager (Male) |
| 22:52 | Create | Villager (Male) |
| 22:52 | Create | Villager (Male) |
| 22:52 | Create | Villager (Male) |
| 22:52 | Create | Villager (Male) |
| 22:53 | Create | Villager (Male) |
| 22:53 | Create | Villager (Male) |
| 22:53 | Create | Villager (Male) |
| 22:58 | Build | Farm |
| 22:58 | Build | Farm |
| 22:59 | Build | Farm |
| 22:59 | Build | Farm |
| 22:59 | Build | Farm |
| 22:59 | Build | Farm |
| 23:00 | Build | Farm |
| 23:00 | Build | Farm |
| 23:00 | Build | Farm |
| 23:00 | Build | Farm |
| 23:01 | Build | Farm |
| 23:01 | Build | Farm |
| 23:02 | Build | Farm |
| 23:03 | Build | Farm |
| 23:03 | Build | Farm |
| 23:18 | Build | Gate |
| 23:25 | Create | Villager (Male) |
| 23:26 | Create | Villager (Male) |
| 24:02 | Create | Monk |
| 24:11 | Create | Villager (Male) |
| 24:12 | Create | Villager (Male) |
Build order — BeefyCronchMorphrito
First 150 of 507 actions detected
| 0:01 | Create | Villager (Male) |
| 0:01 | Create | Villager (Male) |
| 0:01 | Create | Villager (Male) |
| 0:02 | Build | House |
| 0:04 | Build | House |
| 0:19 | Create | Villager (Male) |
| 1:32 | Create | Villager (Male) |
| 1:46 | Build | Lumber Camp |
| 2:03 | Create | Villager (Male) |
| 2:30 | Create | Villager (Male) |
| 2:54 | Create | Villager (Male) |
| 3:18 | Create | Villager (Male) |
| 3:46 | Create | Villager (Male) |
| 3:54 | Build | House |
| 4:08 | Create | Villager (Male) |
| 4:14 | Build | Mill |
| 4:28 | Create | Villager (Male) |
| 4:58 | Create | Villager (Male) |
| 5:21 | Create | Villager (Male) |
| 5:53 | Create | Villager (Male) |
| 6:02 | Build | House |
| 6:05 | Build | Mill |
| 6:16 | Create | Villager (Male) |
| 6:25 | Create | Villager (Male) |
| 6:44 | Create | Villager (Male) |
| 7:28 | Create | Villager (Male) |
| 7:29 | Create | Villager (Male) |
| 8:07 | Build | Barracks |
| 8:23 | Research | Feudal Age |
| 8:36 | Build | Mining Camp |
| 9:11 | Build | House |
| 9:12 | Create | Militia |
| 9:17 | Create | Militia |
| 9:18 | Create | Militia |
| 9:41 | Build | House |
| 10:18 | Build | Farm |
| 10:23 | Create | Militia |
| 10:26 | Create | Villager (Male) |
| 10:26 | Create | Villager (Male) |
| 10:33 | Age | Feudal Age |
| 10:35 | Research | Man-at-Arms (upgrade) |
| 10:44 | Build | Archery Range |
| 10:46 | Build | House |
| 10:51 | Build | Farm |
| 10:58 | Build | Market |
| 11:01 | Build | Farm |
| 11:12 | Research | Arson |
| 11:17 | Create | Villager (Male) |
| 11:36 | Create | Villager (Male) |
| 11:38 | Build | Farm |
| 11:41 | Build | Farm |
| 11:44 | Create | Villager (Male) |
| 11:56 | Create | Skirmisher |
| 12:11 | Build | Farm |
| 12:16 | Build | Farm |
| 12:19 | Create | Villager (Male) |
| 12:25 | Research | Double-Bit Axe |
| 12:35 | Create | Skirmisher |
| 12:47 | Build | Farm |
| 12:57 | Create | Villager (Male) |
| 13:02 | Build | Farm |
| 13:10 | Build | Farm |
| 13:29 | Research | Wheelbarrow |
| 13:31 | Build | Farm |
| 14:58 | Research | Castle Age |
| 16:03 | Create | Militia |
| 16:03 | Create | Militia |
| 16:03 | Create | Militia |
| 16:06 | Build | Barracks |
| 16:18 | Research | Horse Collar |
| 16:57 | Create | Villager (Male) |
| 16:57 | Create | Villager (Male) |
| 17:00 | Build | House |
| 17:10 | Create | Militia |
| 17:38 | Age | Castle Age |
| 17:41 | Create | Villager (Male) |
| 17:42 | Create | Villager (Male) |
| 17:51 | Build | Town Center |
| 18:19 | Build | Town Center |
| 18:26 | Build | Farm |
| 18:26 | Build | Farm |
| 18:26 | Build | Farm |
| 18:29 | Research | Long Swordsman (upgrade) |
| 18:30 | Research | Gambesons |
| 18:31 | Research | Squires |
| 18:35 | Create | Militia |
| 18:35 | Create | Militia |
| 19:08 | Build | Blacksmith |
| 19:13 | Create | Villager (Male) |
| 19:17 | Create | Villager (Male) |
| 19:17 | Create | Villager (Male) |
| 19:17 | Research | Loom |
| 19:25 | Create | Villager (Male) |
| 19:26 | Create | Villager (Male) |
| 19:26 | Create | Villager (Male) |
| 19:28 | Build | Farm |
| 19:28 | Build | Farm |
| 19:28 | Build | Farm |
| 19:29 | Build | Farm |
| 19:29 | Build | Farm |
| 19:29 | Build | Farm |
| 19:45 | Build | Lumber Camp |
| 19:48 | Create | Villager (Male) |
| 19:48 | Create | Villager (Male) |
| 20:19 | Build | Siege Workshop |
| 20:34 | Create | Villager (Male) |
| 20:34 | Create | Villager (Male) |
| 20:34 | Create | Villager (Male) |
| 20:36 | Create | Militia |
| 20:39 | Research | Scale Mail Armor |
| 20:44 | Create | Villager (Male) |
| 20:51 | Build | Farm |
| 21:05 | Create | Villager (Male) |
| 21:05 | Create | Villager (Male) |
| 21:10 | Build | House |
| 21:19 | Create | Mangonel |
| 21:24 | Build | House |
| 21:30 | Build | House |
| 21:33 | Create | Villager (Male) |
| 21:34 | Create | Villager (Male) |
| 21:34 | Create | Villager (Male) |
| 21:39 | Research | Gold Mining |
| 21:53 | Build | Farm |
| 21:55 | Build | House |
| 21:56 | Build | House |
| 21:56 | Build | House |
| 21:56 | Build | House |
| 22:00 | Build | Farm |
| 22:01 | Create | Villager (Male) |
| 22:03 | Create | Villager (Male) |
| 22:09 | Build | Farm |
| 22:13 | Build | House |
| 22:26 | Research | Fletching |
| 22:28 | Build | Farm |
| 22:29 | Create | Villager (Male) |
| 22:30 | Create | Villager (Male) |
| 22:36 | Create | Villager (Male) |
| 22:37 | Create | Villager (Male) |
| 22:54 | Create | Militia |
| 22:54 | Create | Militia |
| 22:55 | Create | Militia |
| 22:56 | Create | Villager (Male) |
| 22:59 | Build | Farm |
| 23:00 | Build | Farm |
| 23:02 | Build | Farm |
| 23:04 | Build | Farm |
| 23:06 | Build | Farm |
| 23:10 | Build | Farm |
| 23:12 | Create | Villager (Male) |
| 23:15 | Build | Farm |
Match timeline
| 8:07 | BeefyCronchMorphrito · first_building Barracks |
| 10:33 | BeefyCronchMorphrito · age_up feudal |
| 10:44 | BeefyCronchMorphrito · first_building Archery Range |
| 10:55 | MrCannonTtv · age_up feudal |
| 14:07 | BeefyCronchMorphrito · first_market_sell 100 wood |
| 14:32 | MrCannonTtv · age_up castle |
| 14:50 | BeefyCronchMorphrito · first_market_buy 100 food |
| 17:38 | BeefyCronchMorphrito · age_up castle |
| 18:21 | MrCannonTtv · first_building Monastery |
| 20:19 | BeefyCronchMorphrito · first_building Siege Workshop |
| 21:30 | MrCannonTtv · wall_segment Palisade Wall x1 |
| 21:33 | MrCannonTtv · wall_segment Palisade Wall x5 |
| 24:48 | MrCannonTtv · wall_segment Stone Wall x4 |
| 25:30 | MrCannonTtv · first_building Stable |
| 26:08 | MrCannonTtv · first_building Castle |
| 27:52 | BeefyCronchMorphrito · first_building Monastery |
| 32:30 | BeefyCronchMorphrito · age_up imperial |
| 33:39 | BeefyCronchMorphrito · first_building Castle |
| 34:47 | MrCannonTtv · first_building Siege Workshop |
| 38:25 | MrCannonTtv · age_up imperial |
| 56:14 | BeefyCronchMorphrito · resign |
[ AI ANALYSIS · 1 CREDIT ]
What really happened in this match?
Wolo.gg analyzes every decision: build order, eco, micro, common mistakes by bracket. Personalized analysis on WhatsApp or Discord in 30 seconds.
Civ guide
Khmer
Map guide
Arena
Perfil
Jugador #10783201